[Event "Titled Tuesday Blitz July 25 Early 2023"]
[White "Gamayev, Oleg"]
[Black "Dinu, Dumitru-Daniel"]
[WhiteFideId "2802813"]
[BlackFideId "1208403"]
[WhiteElo "2590"]
[BlackElo "2463"]
[Result "1-0"]
[Round "7"]
[TimeControl "180+2"]
[Date "2023.07.25"]
[WhiteClock "0:00:18"]
[BlackClock "0:00:00"]
[Board "83"]

1. d3 d5 2. e4 c6 3. Nf3 dxe4 4. dxe4 Qxd1+ 5. Kxd1 Nf6 6. Nfd2 g5 7. f3 h5 8. c3 g4 9. f4 h4 10. Kc2 Bh6 11. f5 Nbd7 12. Bc4 Nc5 13. Re1 b5 14. Bf1 Bf4 15. b4 Ncd7 16. h3 Bg3 17. Re2 gxh3 18. gxh3 Ne5 19. a4 e6 20. axb5 cxb5 21. Na3 Rb8 22. fxe6 Bxe6 23. Nb3 O-O 24. Nd4 Rfc8 25. Nxe6 fxe6 26. Kb3 Nfd7 27. Be3 a6 28. Nc2 Ra8 29. Nd4 Kf7 30. Rd2 Nb6 31. Bg5 Na4 32. Rc1 Rc7 33. c4 Rac8 34. c5 Rg8 35. Be3 Ke7 36. Bg2 Rf8 37. Rf1 Rxf1 38. Bxf1 Rc8 39. Bg2 Rf8 40. Bg5+ Ke8 41. Nxe6 Nc4 42. Rd8+ Kf7 43. Nxf8 1-0


[Site "https://www.chess.com"]

[Event "Titled Tuesday Blitz July 25 Early 2023"]
[White "Attacker_2006"]
[Black "Ozates, Tuna"]
[BlackFideId "6354521"]
[WhiteElo "2414"]
[BlackElo "2586"]
[Result "1-0"]
[Round "7"]
[TimeControl "180+2"]
[Date "2023.07.25"]
[WhiteClock "0:01:06"]
[BlackClock "0:00:16"]
[Board "84"]

1. e4 c5 2. Nc3 Nc6 3. Bb5 Nd4 4. Nf3 e6 5. O-O Ne7 6. Nxd4 cxd4 7. Ne2 Nc6 8. c3 Bc5 9. a4 a6 10. Bd3 d5 11. exd5 Qxd5 12. b4 Ba7 13. c4 Qh5 14. Ba3 Ne5 15. Qc2 Nxd3 16. Qxd3 e5 17. b5 Bf5 18. Qg3 f6 19. Qxg7 O-O-O 20. bxa6 bxa6 21. Qxa7 Qxe2 22. Rab1 Qxf1+ 23. Rxf1 Rhg8 24. Bd6 Rxd6 25. Qa8+ 1-0


[Site "https://www.chess.com"]

[Event "Titled Tuesday Blitz July 25 Early 2023"]
[White "Vovk, Orest"]
[Black "ZugZwang1201"]
[WhiteFideId "14113490"]
[WhiteElo "2580"]
[BlackElo "2442"]
[Result "1/2-1/2"]
[Round "7"]
[TimeControl "180+2"]
[Date "2023.07.25"]
[WhiteClock "0:02:16"]
[BlackClock "0:00:59"]
[Board "85"]

1. g4 c5 2. Bg2 e6 3. h3 Nc6 4. c4 Qc7 5. Nc3 a6 6. d3 b6 7. Nf3 Bb7 8. O-O d6 9. a3 Nf6 10. Rb1 Be7 11. b4 cxb4 12. axb4 Ne5 13. Nxe5 dxe5 14. Bxb7 Qxb7 15. f3 Nd7 16. Be3 g5 17. c5 bxc5 18. bxc5 Qc7 19. Ne4 Rg8 20. Qa4 f5 21. Nd6+ Bxd6 22. cxd6 Qxd6 23. Rb7 e4 24. dxe4 Qg3+ 25. Kh1 Qxh3+ 26. Kg1 Qg3+ 27. Kh1 Qh3+ 28. Kg1 Qg3+ 29. Kh1 Qh3+ 1/2-1/2


[Site "https://www.chess.com"]

[Event "Titled Tuesday Blitz July 25 Early 2023"]
[White "Sadykov, Ramil"]
[Black "Eggleston, Thomas A"]
[WhiteFideId "24113590"]
[BlackFideId "412139"]
[WhiteElo "2580"]
[BlackElo "2411"]
[Result "0-1"]
[Round "7"]
[TimeControl "180+2"]
[Date "2023.07.25"]
[WhiteClock "0:00:00"]
[BlackClock "0:00:12"]
[Board "86"]

1. e4 e6 2. d4 d5 3. e5 c5 4. c3 Nc6 5. Nf3 Qb6 6. Bd3 Nh6 7. O-O cxd4 8. a3 Nf5 9. Bxf5 exf5 10. cxd4 h6 11. Re1 g5 12. e6 Bxe6 13. Nc3 O-O-O 14. b4 g4 15. Na4 Qb5 16. Ne5 Nxe5 17. Rxe5 Bg7 18. Bf4 b6 19. Rc1+ Kb7 20. Rc7+ Ka8 21. Rxe6 fxe6 22. Rxg7 Rc8 23. h3 gxh3 24. g3 Rhg8 25. Rxg8 Rxg8 26. Nb2 Rc8 27. Kh2 a5 28. Nd3 Rc3 29. Qe1 Qxd3 30. Qxe6 Qe4 31. Qg8+ Kb7 32. Qb8+ Ka6 33. Kxh3 Qxf4 0-1


[Site "https://www.chess.com"]

[Event "Titled Tuesday Blitz July 25 Early 2023"]
[White "Ilkhomi, Jaloliddin"]
[Black "Fisabilillah, Ummi"]
[WhiteFideId "14700948"]
[BlackFideId "7104804"]
[WhiteElo "2578"]
[BlackElo "2402"]
[Result "1-0"]
[Round "7"]
[TimeControl "180+2"]
[Date "2023.07.25"]
[WhiteClock "0:00:51"]
[BlackClock "0:00:07"]
[Board "87"]

1. d4 d5 2. Bf4 c5 3. e3 Nc6 4. c3 Nf6 5. Nd2 Bg4 6. Qb3 Qc8 7. Ngf3 Bxf3 8. Nxf3 e6 9. Ne5 Nxe5 10. Bxe5 Nd7 11. Bf4 Be7 12. Be2 O-O 13. O-O Bf6 14. Rad1 a6 15. Bg3 b5 16. dxc5 Nxc5 17. Qc2 Ne4 18. Bd3 Nxg3 19. hxg3 h6 20. e4 dxe4 21. Bxe4 Rb8 22. Qe2 Qc7 23. Rd2 Rfd8 24. Rfd1 Rxd2 25. Rxd2 Rd8 26. Bc2 Rxd2 27. Qxd2 Qd8 28. Qe3 g6 29. g4 Kg7 30. g3 Qd5 31. a4 bxa4 32. Bxa4 Qa5 33. Be8 Qd8 34. Bc6 Qd1+ 35. Kg2 Qxg4 36. Qa7 e5 37. Bd5 Be7 38. Qxe7 Qf5 39. Qb7 a5 40. Be4 Qf6 41. Qc6 Qe7 42. Qa8 h5 43. Qxa5 h4 44. gxh4 Qxh4 45. Qxe5+ Kh6 46. Qh8+ 1-0


[Site "https://www.chess.com"]

[Event "Titled Tuesday Blitz July 25 Early 2023"]
[White "Trifan, Andrei Ioan"]
[Black "LLariMarc"]
[WhiteFideId "12967068"]
[WhiteElo "2577"]
[BlackElo "2366"]
[Result "1-0"]
[Round "7"]
[TimeControl "180+2"]
[Date "2023.07.25"]
[WhiteClock "0:00:12"]
[BlackClock "0:00:12"]
[Board "88"]

1. e4 e6 2. d4 d5 3. Nc3 Nf6 4. Bg5 h6 5. Bxf6 Qxf6 6. exd5 Bb4 7. dxe6 Bxe6 8. Nf3 O-O 9. Be2 Nc6 10. a3 Bxc3+ 11. bxc3 Rad8 12. O-O Rfe8 13. a4 Na5 14. Ne5 Bf5 15. Bd3 b6 16. Qf3 Bxd3 17. Qxd3 Qe6 18. h3 c5 19. Rfe1 Qd6 20. Rad1 Qc7 21. Nc4 Rxe1+ 22. Rxe1 cxd4 23. Nxa5 bxa5 24. cxd4 Qd7 25. Rd1 Qxa4 26. d5 Qb4 27. c4 a4 28. Rb1 Qa5 29. d6 a3 30. Qd4 a2 31. Ra1 Qb6 32. c5 Qb1+ 33. Kh2 h5 34. g3 Kh7 35. h4 a5 36. Qd1 Qb4 37. Qxh5+ Kg8 38. Rxa2 a4 39. Re2 a3 40. d7 Qb8 41. c6 a2 42. c7 a1=Q 43. cxd8=Q+ Qxd8 44. Re8+ Qxe8 45. dxe8=Q# 1-0


[Site "https://www.chess.com"]

[Event "Titled Tuesday Blitz July 25 Early 2023"]
[White "Richter, Nils"]
[Black "kiwibobo"]
[WhiteFideId "12990809"]
[WhiteElo "2576"]
[BlackElo "2341"]
[Result "1-0"]
[Round "7"]
[TimeControl "180+2"]
[Date "2023.07.25"]
[WhiteClock "0:01:31"]
[BlackClock "0:00:02"]
[Board "89"]

1. d4 Nf6 2. c4 g6 3. Nc3 d5 4. cxd5 Nxd5 5. e4 Nxc3 6. bxc3 Bg7 7. Nf3 c5 8. Be3 Qa5 9. Qd2 O-O 10. Rc1 Rd8 11. d5 e6 12. h4 exd5 13. exd5 Bg4 14. Be2 Nd7 15. c4 Qxd2+ 16. Nxd2 Bxe2 17. Kxe2 b6 18. h5 Nf6 19. h6 Bf8 20. f3 Ne8 21. g4 Nd6 22. Kd3 Re8 23. Bf4 Rad8 24. Rhe1 f5 25. g5 Rxe1 26. Rxe1 Re8 27. Rxe8 Nxe8 28. Bb8 Nd6 29. Bxa7 Nc8 30. Bb8 Kf7 31. f4 Nd6 32. Nf3 Ke8 33. Ne5 Be7 34. Nxg6 hxg6 35. Bxd6 Bxd6 36. h7 1-0


[Site "https://www.chess.com"]

[Event "Titled Tuesday Blitz July 25 Early 2023"]
[White "Ruge, Edison"]
[Black "Garv Gaur"]
[WhiteFideId "4401000"]
[BlackFideId "45030839"]
[WhiteElo "2249"]
[BlackElo "2561"]
[Result "0-1"]
[Round "7"]
[TimeControl "180+2"]
[Date "2023.07.25"]
[WhiteClock "0:00:00"]
[BlackClock "0:00:08"]
[Board "90"]

1. e4 g6 2. d4 Bg7 3. Nc3 c6 4. Be2 d5 5. e5 Nh6 6. g4 Ng8 7. Be3 e6 8. Qd2 Qb6 9. Na4 Qc7 10. b3 Nd7 11. h4 h6 12. Nf3 b6 13. h5 g5 14. Rc1 b5 15. Nb2 a6 16. c4 Ne7 17. cxd5 Nxd5 18. Nd3 Bf8 19. O-O Bb7 20. Nfe1 f5 21. exf6 Bd6 22. f7+ Kxf7 23. Nf3 Raf8 24. Bxg5 hxg5 25. Qxg5 Rhg8 26. Qh6 Rxg4+ 27. Kh1 Bf4 28. Nde5+ Nxe5 29. Nxe5+ Bxe5 30. Bxg4 Bf6 31. Qg6+ Ke7 32. Rce1 Bc8 33. Re4 Nc3 34. Re3 Nd5 35. Rf3 Rf7 36. Re1 Rg7 37. Qe4 Qd6 38. Bh3 c5 39. dxc5 Qc6 40. Bxe6 Bxe6 41. h6 Rg5 42. h7 Rh5+ 43. Kg1 Qc8 44. Kf1 Rh1+ 45. Kg2 Rxe1 46. Qxe1 Qh8 47. Rg3 Qxh7 48. c6 Nf4+ 49. Kf3 Qh5+ 50. Kxf4 Qf5+ 0-1


[Site "https://www.chess.com"]

[Event "Titled Tuesday Blitz July 25 Early 2023"]
[White "Atakhan, Abtin"]
[Black "luksona14"]
[WhiteFideId "22502203"]
[WhiteElo "2741"]
[BlackElo "2490"]
[Result "1-0"]
[Round "7"]
[TimeControl "180+2"]
[Date "2023.07.25"]
[WhiteClock "0:00:35"]
[BlackClock "0:00:12"]
[Board "91"]

1. Nf3 Nf6 2. g3 e6 3. Bg2 d5 4. O-O Be7 5. c4 O-O 6. b3 b6 7. d4 Bb7 8. Nc3 c6 9. Ne5 Nbd7 10. Nd3 Ba6 11. Bb2 Rc8 12. Rc1 dxc4 13. bxc4 Bxc4 14. a4 c5 15. Nb5 Bxb5 16. axb5 Nd5 17. Qa4 Qc7 18. e4 N5f6 19. d5 exd5 20. exd5 Bd6 21. Ra1 Ra8 22. Qc4 Rfe8 23. Ra4 Re7 24. Rfa1 Nf8 25. Ra6 Rae8 26. Bxf6 gxf6 27. h4 Ng6 28. Qg4 Kh8 29. Qf5 Be5 30. Rxa7 Qxa7 31. Rxa7 Rxa7 32. Nxe5 fxe5 33. h5 Kg7 34. hxg6 hxg6 35. Qd3 Rd7 36. Qa3 Rd6 37. Qa7 e4 38. Qa2 Re5 39. Qb2 Rxd5 40. Bxe4 Rd4 41. Bf3 Rf5 42. Kg2 Rf6 43. Qc3 g5 44. Bc6 Rfd6 45. Qe3 Kg6 46. Qe8 Rd2 47. Qg8+ Kf6 48. Qb8 c4 49. Qxb6 c3 50. Qc5 c2 51. b6 Rd8 52. b7 Kg7 53. Qxg5+ Kh7 54. Be4+ Kh8 55. Qh6+ Kg8 56. Bh7+ 1-0


[Site "https://www.chess.com"]

[Event "Titled Tuesday Blitz July 25 Early 2023"]
[White "Amilal Munkhdalai"]
[Black "marik_spb"]
[WhiteFideId "4903250"]
[WhiteElo "2716"]
[BlackElo "2489"]
[Result "1-0"]
[Round "7"]
[TimeControl "180+2"]
[Date "2023.07.25"]
[WhiteClock "0:00:33"]
[BlackClock "0:00:00"]
[Board "92"]

1. e4 c6 2. Nc3 d5 3. d4 dxe4 4. Nxe4 Nf6 5. Nxf6+ exf6 6. Be3 Bf5 7. Bd3 Bxd3 8. Qxd3 Bd6 9. Ne2 O-O 10. O-O Nd7 11. c4 Re8 12. Rfd1 Qe7 13. h3 Qe4 14. Qxe4 Rxe4 15. Nc3 Re7 16. c5 Bc7 17. d5 Rxe3 18. fxe3 Nxc5 19. dxc6 bxc6 20. Rac1 Bb6 21. Kf1 Re8 22. Rd6 h5 23. Rxc6 Nd3 24. Rd1 Ne5 25. Rxb6 axb6 26. Rd4 Nc6 27. Rd6 Re6 28. Rxe6 fxe6 29. Ke2 Kf7 30. Kd3 Ke7 31. Na4 Nb4+ 32. Kc4 Nxa2 33. Nxb6 Kd6 34. Na4 Ke5 35. Nc3 Nxc3 36. Kxc3 Kd5 37. b4 f5 38. h4 e5 39. g3 g6 40. Kd3 Kd6 41. Kc4 Kc6 42. b5+ Kd6 43. Kb4 g5 44. hxg5 f4 45. exf4 exf4 46. gxf4 h4 47. g6 h3 48. g7 h2 49. g8=Q h1=Q 50. Qg6+ Ke7 51. Qg5+ Kf7 52. Qf5+ Ke7 53. Qe5+ Kf7 54. Ka5 Qa8+ 55. Kb6 Qa2 56. Kc6 1-0


[Site "https://www.chess.com"]

[Event "Titled Tuesday Blitz July 25 Early 2023"]
[White "MateoReyes"]
[Black "Dehtiarov, Roman"]
[BlackFideId "14186640"]
[WhiteElo "2483"]
[BlackElo "2716"]
[Result "1-0"]
[Round "7"]
[TimeControl "180+2"]
[Date "2023.07.25"]
[WhiteClock "0:01:16"]
[BlackClock "0:00:00"]
[Board "93"]

1. Nf3 Nf6 2. d4 e6 3. c4 b6 4. g3 Ba6 5. b3 Bb4+ 6. Nbd2 d5 7. Qc2 O-O 8. Bg2 Nbd7 9. O-O c6 10. a3 Bd6 11. Re1 e5 12. e4 dxe4 13. Nxe4 Nxe4 14. Qxe4 Nf6 15. Qxc6 exd4 16. Nxd4 Rb8 17. Nf5 Bc5 18. Qf3 Bb7 19. Qf4 Bxg2 20. Kxg2 Kh8 21. Bb2 Rg8 22. Nxg7 Kxg7 23. Qg5+ Kf8 24. Qxf6 Qxf6 25. Bxf6 Rg6 26. Bc3 a5 27. b4 axb4 28. axb4 Bd6 29. Ra7 Rc8 30. Bd4 Bxb4 31. Rb1 Bc5 32. Bc3 Re6 33. Rb2 h6 34. h4 h5 35. Rd7 Kg8 36. Rd5 1-0


[Site "https://www.chess.com"]

[Event "Titled Tuesday Blitz July 25 Early 2023"]
[White "Goltsev, Dmitry"]
[Black "Spichkin, Alexander"]
[WhiteFideId "24176710"]
[BlackFideId "4144074"]
[WhiteElo "2702"]
[BlackElo "2482"]
[Result "1-0"]
[Round "7"]
[TimeControl "180+2"]
[Date "2023.07.25"]
[WhiteClock "0:02:16"]
[BlackClock "0:02:40"]
[Board "94"]

1. e4 e5 2. Nf3 d5 3. d4 dxe4 4. Nxe5 Bd6 5. Nc3 Bxe5 6. dxe5 Qxd1+ 7. Nxd1 Nc6 8. Nc3 Bf5 9. Bb5 Ne7 10. Bg5 h6 11. Bxe7 Kxe7 12. Bxc6 bxc6 13. O-O-O Rhd8 14. Ne2 Ke6 15. Nd4+ Kxe5 16. Nxc6+ Kf4 17. Rxd8 Rxd8 18. Nxd8 1-0


[Site "https://www.chess.com"]

[Event "Titled Tuesday Blitz July 25 Early 2023"]
[White "Goroshkov, Maksym"]
[Black "Heinemann, Josefine"]
[WhiteFideId "14142716"]
[BlackFideId "12900460"]
[WhiteElo "2683"]
[BlackElo "2469"]
[Result "1-0"]
[Round "7"]
[TimeControl "180+2"]
[Date "2023.07.25"]
[WhiteClock "0:00:43"]
[BlackClock "0:00:14"]
[Board "95"]

1. e4 c5 2. d4 cxd4 3. c3 Nf6 4. e5 Nd5 5. Bc4 Nb6 6. Bb3 d6 7. exd6 e6 8. cxd4 Bxd6 9. Nf3 O-O 10. O-O Nc6 11. Nc3 Nb4 12. Re1 N4d5 13. a4 Bd7 14. a5 Nxc3 15. bxc3 Nd5 16. c4 Nf6 17. c5 Be7 18. a6 Bc6 19. Ne5 Bd5 20. axb7 Bxb7 21. c6 Bc8 22. Ba3 Bxa3 23. Rxa3 Qb6 24. Bc2 Rd8 25. Rb3 Qc7 26. Rh3 h6 27. Rh4 a5 28. Qd3 a4 29. Rf4 Qe7 30. Ng4 Ba6 31. Nxf6+ Kf8 32. Qh7 Qb4 33. Qg8+ Ke7 34. Nd5+ Rxd5 35. Qxf7+ Kd8 36. Qf8+ Qxf8 37. Rxf8+ Kc7 38. Rxa8 1-0


[Site "https://www.chess.com"]

[Event "Titled Tuesday Blitz July 25 Early 2023"]
[White "Pasti, Aron"]
[Black "Gubajdullin, Alexei"]
[WhiteFideId "785857"]
[BlackFideId "4141202"]
[WhiteElo "2462"]
[BlackElo "2681"]
[Result "0-1"]
[Round "7"]
[TimeControl "180+2"]
[Date "2023.07.25"]
[WhiteClock "0:00:00"]
[BlackClock "0:00:40"]
[Board "96"]

1. e4 c6 2. d4 d5 3. exd5 cxd5 4. Bd3 Nc6 5. c3 Nf6 6. Bf4 g6 7. Nf3 Bg7 8. O-O O-O 9. Nbd2 Bf5 10. Bxf5 gxf5 11. Ne5 Ne4 12. Re1 Nxe5 13. Bxe5 Bxe5 14. dxe5 e6 15. Nxe4 dxe4 16. Qh5 Kh8 17. Kh1 Rg8 18. Qxf7 Rg6 19. Qxb7 Rb8 20. Rad1 Qg8 21. Qe7 Re8 22. Qh4 Rf8 23. Rd7 f4 24. Red1 Rg4 25. Rxh7+ Qxh7 26. Qxg4 e3 27. fxe3 fxe3 28. Qe2 Qe4 29. Qh5+ Kg8 30. Qg5+ Kh8 31. Qh6+ Kg8 32. Qxe6+ Kh8 33. Qh3+ Kg8 34. Re1 e2 35. Qg3+ Kh7 36. h3 Rf1+ 37. Kh2 Rxe1 38. Qxe1 Qxe5+ 39. Kg1 Qe3+ 40. Kh2 Qf4+ 41. Kg1 Qe3+ 42. Kh2 a5 43. Qh4+ Kg8 44. Qe1 a4 45. c4 Kf7 46. c5 Ke6 47. c6 Kd6 48. c7 Kxc7 49. g3 Qf3 50. Qa5+ Kd6 51. Qb6+ Ke5 52. Qc5+ Ke6 53. Qb6+ Kf7 54. Qc7+ Kg6 55. Qd6+ Kg7 56. Qe7+ Kg8 57. Qe8+ Kg7 58. Qe5+ Kf7 59. h4 Qf2+ 60. Kh3 e1=Q 61. Qh5+ Ke6 62. Qg6+ Qf6 63. Qg8+ Qf7 64. Qc8+ Qd7 65. Qc4+ Ke5+ 0-1


[Site "https://www.chess.com"]

[Event "Titled Tuesday Blitz July 25 Early 2023"]
[White "whiteglovethief"]
[Black "Danielyan, Vahe"]
[BlackFideId "13304828"]
[WhiteElo "2459"]
[BlackElo "2639"]
[Result "1-0"]
[Round "7"]
[TimeControl "180+2"]
[Date "2023.07.25"]
[WhiteClock "0:02:09"]
[BlackClock "0:02:27"]
[Board "97"]

1. d4 d5 2. c4 dxc4 3. Nf3 Nf6 4. g3 b5 5. Bg2 Bb7 6. O-O a6 7. a4 Nbd7 8. b3 Nb6 9. a5 Nbd5 10. bxc4 bxc4 11. Qa4+ Qd7 12. Qxc4 e6 13. Nc3 Nxc3 14. Qxc3 Qc6 15. Qxc6+ Bxc6 16. Bf4 Bd6 17. Rfc1 Kd7 18. Ne5+ Bxe5 19. Bxc6+ 1-0


[Site "https://www.chess.com"]

[Event "Titled Tuesday Blitz July 25 Early 2023"]
[White "Iskusnyh, Sergei"]
[Black "Ljukin, Sergei"]
[WhiteFideId "4120027"]
[BlackFideId "14102200"]
[WhiteElo "2621"]
[BlackElo "2456"]
[Result "1-0"]
[Round "7"]
[TimeControl "180+2"]
[Date "2023.07.25"]
[WhiteClock "0:00:36"]
[BlackClock "0:00:00"]
[Board "98"]

1. d4 d5 2. c4 c6 3. Nf3 Nf6 4. e3 e6 5. b3 Bb4+ 6. Nbd2 Bd6 7. Bb2 Nbd7 8. Bd3 Qe7 9. Ne5 Ba3 10. Bxa3 Qxa3 11. O-O O-O 12. Qc2 h6 13. f4 c5 14. Ndf3 cxd4 15. exd4 b6 16. f5 Bb7 17. Nxd7 Nxd7 18. fxe6 fxe6 19. Bh7+ Kh8 20. Nh4 Rxf1+ 21. Rxf1 Nf8 22. Bd3 dxc4 23. bxc4 Qd6 24. Qf2 Rd8 25. Kh1 Kg8 26. Qf7+ Kh8 27. Ng6+ 1-0


[Site "https://www.chess.com"]

[Event "Titled Tuesday Blitz July 25 Early 2023"]
[White "Molenda, Marcin"]
[Black "Khusenkhojaev, Muhammad"]
[WhiteFideId "1173065"]
[BlackFideId "14700247"]
[WhiteElo "2454"]
[BlackElo "2607"]
[Result "1-0"]
[Round "7"]
[TimeControl "180+2"]
[Date "2023.07.25"]
[WhiteClock "0:01:30"]
[BlackClock "0:02:08"]
[Board "99"]

1. e4 c5 2. c3 d5 3. exd5 Qxd5 4. d4 Nc6 5. Nf3 Bf5 6. Be3 e6 7. Nbd2 Nf6 8. Bc4 Qd8 9. O-O Ng4 10. Bf4 cxd4 11. Nxd4 Bd6 12. Nxc6 bxc6 13. Bxd6 Qxd6 14. Nf3 Qxd1 15. Rfxd1 c5 16. h3 Nf6 17. Ne5 Be4 18. f3 Bb7 19. Rd6 Ke7 20. Rad1 Nd5 21. Rd7+ Kf6 22. Ng4+ Kg5 23. Rxb7 Ne3 24. Nxe3 1-0


[Site "https://www.chess.com"]

[Event "Titled Tuesday Blitz July 25 Early 2023"]
[White "Parpiev, Isaak"]
[Black "Vivas Zamora, Fabian Ernesto"]
[WhiteFideId "34281576"]
[BlackFideId "3902480"]
[WhiteElo "2605"]
[BlackElo "2447"]
[Result "1-0"]
[Round "7"]
[TimeControl "180+2"]
[Date "2023.07.25"]
[WhiteClock "0:00:56"]
[BlackClock "0:00:00"]
[Board "100"]

1. d4 Nf6 2. c4 g6 3. Nc3 d5 4. cxd5 Nxd5 5. e4 Nxc3 6. bxc3 Bg7 7. Nf3 c5 8. Be2 Nc6 9. d5 Bxc3+ 10. Bd2 Bxa1 11. Qxa1 Nd4 12. Nxd4 cxd4 13. Qxd4 O-O 14. O-O Qb6 15. Qe5 Qf6 16. Qc7 Qd6 17. Qc3 f6 18. f4 e5 19. h4 Bd7 20. h5 gxh5 21. Bxh5 Kh8 22. Kh2 Rac8 23. Qb2 Qb6 24. Qxb6 axb6 25. Bb4 Rg8 26. Be7 Rcf8 27. fxe5 1-0


[Site "https://www.chess.com"]

[Event "Titled Tuesday Blitz July 25 Early 2023"]
[White "NicolaiMaxime"]
[Black "Novikov, Evgenij"]
[BlackFideId "4125380"]
[WhiteElo "2602"]
[BlackElo "2445"]
[Result "0-1"]
[Round "7"]
[TimeControl "180+2"]
[Date "2023.07.25"]
[WhiteClock "0:00:06"]
[BlackClock "0:00:11"]
[Board "101"]

1. c4 e6 2. Nc3 d5 3. e3 Nf6 4. Nf3 Nbd7 5. b3 a5 6. Bb2 Bd6 7. Be2 c6 8. Qc2 Qe7 9. h3 Ba3 10. Bxa3 Qxa3 11. cxd5 exd5 12. Nd4 O-O 13. g4 Re8 14. g5 Ne4 15. Nxe4 dxe4 16. h4 Qc5 17. Qxc5 Nxc5 18. Rc1 Ne6 19. Nxe6 Bxe6 20. Bc4 Kf8 21. Bxe6 Rxe6 22. Rc4 Ke7 23. Ke2 Kd6 24. Rhc1 Rae8 25. Rc5 Re5 26. R5c4 c5 27. a4 b6 28. d4 exd3+ 29. Kxd3 R8e6 30. e4 Kc6 31. f4 Rd6+ 32. Ke3 Re7 33. e5 Rd5 34. Ke4 Red7 35. Kf5 Rd3 36. R1c3 Rd1 37. Re4 R7d5 38. Ree3 Rh1 39. Red3 Rd1 40. Rxd5 Rxd5 41. h5 Kd7 42. g6 fxg6+ 43. hxg6 h6 44. Re3 Ke7 45. Re1 Rd4 46. Re4 Rd5 47. Re1 Rd4 48. Re3 Rd5 49. Kg4 Rd4 50. Rc3 Ke6 51. Rc4 Rd1 52. Re4 Rg1+ 53. Kh5 Kf5 54. Kh4 Kxe4 55. e6 Kxf4 56. e7 Rh1# 0-1


[Site "https://www.chess.com"]

[Event "Titled Tuesday Blitz July 25 Early 2023"]
[White "Ahmad, Khagan"]
[Black "Bendayan Claros, Aaron"]
[WhiteFideId "13431552"]
[BlackFideId "3803392"]
[WhiteElo "2590"]
[BlackElo "2443"]
[Result "1-0"]
[Round "7"]
[TimeControl "180+2"]
[Date "2023.07.25"]
[WhiteClock "0:00:18"]
[BlackClock "0:00:00"]
[Board "102"]

1. c4 e6 2. Nc3 d5 3. d4 c6 4. e4 dxe4 5. Nxe4 Bb4+ 6. Bd2 Bxd2+ 7. Qxd2 Nf6 8. Nxf6+ Qxf6 9. Nf3 O-O 10. Bd3 c5 11. O-O cxd4 12. Nxd4 e5 13. Nf3 Nc6 14. Be4 Bf5 15. Bxc6 bxc6 16. Qc3 Rfe8 17. Rfe1 Re6 18. Rxe5 Rae8 19. Rxe6 Qxe6 20. Re1 Qd7 21. Rxe8+ Qxe8 22. h3 g6 23. Qe5 Qd7 24. Nd4 Bb1 25. a3 Bd3 26. c5 Qb7 27. b4 a5 28. Qe8+ Kg7 29. Nxc6 axb4 30. axb4 h5 31. Nd8 Qd5 32. c6 Be4 33. c7 Qd1+ 34. Kh2 Qd6+ 35. g3 Qxc7 36. Qxe4 Qxd8 37. Qe5+ Kh7 38. b5 Qb6 39. Kg2 Qb7+ 40. Kg1 Qb6 41. Qd5 Qc7 42. Qc6 Qe7 43. b6 Qe1+ 44. Kg2 Qe4+ 45. Qxe4 1-0


[Site "https://www.chess.com"]

[Event "Titled Tuesday Blitz July 25 Early 2023"]
[White "Manukian, Artak"]
[Black "Veiga, Jose Francisco R P Neves"]
[WhiteFideId "13301373"]
[BlackFideId "1930087"]
[WhiteElo "2439"]
[BlackElo "2589"]
[Result "1-0"]
[Round "7"]
[TimeControl "180+2"]
[Date "2023.07.25"]
[WhiteClock "0:00:45"]
[BlackClock "0:01:02"]
[Board "103"]

1. e4 Nc6 2. Nf3 d6 3. d4 Nf6 4. d5 Nb8 5. Nc3 g6 6. Bg5 Bg7 7. Qd2 a6 8. a4 Bg4 9. Bh6 Bxh6 10. Qxh6 Nbd7 11. Nd4 e5 12. dxe6 Bxe6 13. Nxe6 fxe6 14. Bc4 Qe7 15. O-O Ne5 16. Be2 Nf7 17. Qe3 O-O 18. f4 Rae8 19. Rae1 d5 20. exd5 exd5 21. Qxe7 Rxe7 22. Bf3 Rxe1 23. Rxe1 c6 24. Re7 Nd6 25. g4 Rf7 26. Rxf7 Kxf7 27. g5 Nd7 28. b4 b5 29. axb5 axb5 30. Kf2 Nf5 31. Ne2 h5 32. gxh6 Nxh6 33. Nd4 Nb8 34. Nxc6 Nxc6 35. Bxd5+ Kf6 36. Bxc6 Ng4+ 37. Ke2 Nxh2 38. Bxb5 Kf5 39. Bd3+ Kxf4 40. Bxg6 Ke5 41. Bh5 1-0


[Site "https://www.chess.com"]

[Event "Titled Tuesday Blitz July 25 Early 2023"]
[White "Zheenbekov, Nurgazy"]
[Black "Al-Tarboush, Ward"]
[WhiteFideId "13800485"]
[BlackFideId "7601450"]
[WhiteElo "2437"]
[BlackElo "2580"]
[Result "0-1"]
[Round "7"]
[TimeControl "180+2"]
[Date "2023.07.25"]
[WhiteClock "0:00:00"]
[BlackClock "0:00:50"]
[Board "104"]

1. Nf3 d5 2. g3 Nf6 3. Bg2 c6 4. O-O Bf5 5. d3 e6 6. Nbd2 h6 7. Re1 Bg6 8. e4 Be7 9. e5 Nfd7 10. h4 c5 11. b3 Nc6 12. Nf1 Qc7 13. Bf4 Bh5 14. N1h2 g5 15. hxg5 hxg5 16. Bd2 g4 17. Ng5 Ndxe5 18. Bf4 Bxg5 19. Bxg5 Nd4 20. Bf4 f6 21. c3 Ndf3+ 22. Bxf3 gxf3 23. d4 O-O-O 24. dxe5 Rdg8 25. Qd2 Qh7 26. Qe3 Bg6 27. Qxc5+ Kb8 28. exf6+ Ka8 29. g4 Bf5 30. Re5 Rxg4+ 31. Kf1 Rxf4 32. Ke1 Qxh2 33. f7 Qh1+ 34. Kd2 Qh6 35. Re3 Qf8 36. Qc7 d4 0-1


[Site "https://www.chess.com"]

[Event "Titled Tuesday Blitz July 25 Early 2023"]
[White "Rangel, Daniel"]
[Black "Roebers, Eline"]
[WhiteFideId "2124475"]
[BlackFideId "1058401"]
[WhiteElo "2436"]
[BlackElo "2574"]
[Result "1-0"]
[Round "7"]
[TimeControl "180+2"]
[Date "2023.07.25"]
[WhiteClock "0:00:04"]
[BlackClock "0:00:19"]
[Board "105"]

1. c4 f5 2. g3 Nf6 3. Bg2 g6 4. Nc3 Bg7 5. e3 O-O 6. Nge2 d6 7. O-O e5 8. d3 Nc6 9. Nd5 a5 10. Nec3 h6 11. b3 Be6 12. Qd2 Rb8 13. Bb2 Ne7 14. Rae1 c6 15. Nxf6+ Bxf6 16. f4 Qc7 17. d4 e4 18. g4 b5 19. gxf5 gxf5 20. d5 Bf7 21. cxb5 cxd5 22. Ne2 Bxb2 23. Qxb2 Kh7 24. Kh1 Rxb5 25. Nd4 Rc5 26. Bh3 Qd7 27. Rg1 Bg6 28. Rg3 Rg8 29. Reg1 Rcc8 30. Qg2 Rcf8 31. Qf1 Qe8 32. R1g2 Qf7 33. Qg1 Qf6 34. Rc2 Rc8 35. Rcg2 Bf7 36. Rxg8 Rxg8 37. Rxg8 Bxg8 38. Qe1 Bf7 39. Bg2 Qg6 40. h3 Qh5 41. Qxa5 Ng6 42. Qc7 Nh4 43. Qe7 Kg8 44. Qd8+ Kg7 45. Qe7 Qg6 46. Qxh4 Kh7 47. Kh2 Qg7 48. Qg3 Qf8 49. Qh4 Bh5 50. Qxh5 Qc8 51. Qxf5+ 1-0


[Site "https://www.chess.com"]

[Event "Titled Tuesday Blitz July 25 Early 2023"]
[White "Rietze, Clemens, Dr."]
[Black "Ibadov, Dashgyn"]
[WhiteFideId "24620351"]
[BlackFideId "24107514"]
[WhiteElo "2436"]
[BlackElo "2569"]
[Result "1-0"]
[Round "7"]
[TimeControl "180+2"]
[Date "2023.07.25"]
[WhiteClock "0:00:05"]
[BlackClock "0:00:00"]
[Board "106"]

1. d4 Nf6 2. c4 c5 3. d5 d6 4. Nc3 g6 5. e4 Bg7 6. f3 O-O 7. Be3 e6 8. Nge2 exd5 9. cxd5 Re8 10. Ng3 a6 11. a4 h5 12. Be2 h4 13. Nf1 h3 14. g3 Nbd7 15. Nd2 Ne5 16. O-O Rb8 17. Rb1 b5 18. axb5 axb5 19. b4 c4 20. Qc2 Qc7 21. Kh1 Bd7 22. Ra1 Ra8 23. Qb2 Nd3 24. Bxd3 cxd3 25. Bd4 Nh5 26. Nb3 Rxa1 27. Rxa1 Bxd4 28. Nxd4 Qc4 29. Nd1 d2 30. Nf2 Rc8 31. Qxd2 Qc3 32. Rd1 Qa3 33. Kg1 Rc3 34. Nd3 Rc4 35. Ne2 f5 36. e5 dxe5 37. Nxe5 Rxb4 38. Nxd7 Qxf3 39. Nc1 1-0


[Site "https://www.chess.com"]